[Event "32nd Reykjavik Open 2017"]
[Site "Reykjavik"]
[Date "2017.04.19"]
[Round "1"]
[White "Jonsson, Gauti Pall"]
[Black "Giri, Anish"]
[Result "0-1"]
[ECO "B47"]
[WhiteElo "2087"]
[BlackElo "2771"]
[Annotator "TA"]
[PlyCount "60"]
[EventDate "2017.??.??"]
[EventType "swiss"]
[EventCountry "ISL"]
[SourceTitle "playchess.com"]
[Source "ChessBase"]
[SourceQuality "1"]
[TimeControl "40/5400+30:1800+30"]

1. e4 c5 2. Nf3 e6 3. d4 cxd4 4. Nxd4 Nc6 5. Nc3 Qc7 6. g3 a6 7. Bg2 d6 8. O-O Bd7 9. Be3 Nf6 10. Qe2 Be7 11. Rad1 O-O 12. Kh1 b5 13. f4 b4 14. Nxc6 Bxc6 15. e5 dxe5 16. fxe5 Bxg2+ 17. Qxg2 Ng4 18. Bd4 bxc3 19. Qe4 h5 20. h3 Nh6 21. Bxc3 Nf5 22. Rf3 Rad8 23. Rg1 Bc5 24. Rg2 Rd1+ 25. Kh2 Qb6 26. Be1 Qxb2 27. g4 Qd4 28. Qe2 Ne3 29. Bf2 Qxe5+ 30. Bg3 Nf1+ 0-1